[Event "Early-Titled-Tuesday-Blitz-May-14-2024"]
[Site "Chess.com"]
[Date "2024.05.14"]
[Round "1"]
[White "Viktoker"]
[Black "jankarsten"]
[Result "1/2-1/2"]
[WhiteElo "2323"]
[BlackElo "2632"]
[TimeControl "180+1"]
[EndTime "8:09:38 PDT"]
[Termination "Game drawn - insufficient material"]

1. d4 Nf6 2. Nf3 g6 3. c4 Bg7 4. Nc3 O-O 5. e4 d6 6. h3 Na6 7. Be3 e5 8. d5 Nh5 9. g3 f5 10. exf5 gxf5 11. Qd2 f4 12. gxf4 exf4 13. Bd4 Re8+ 14.
Kd1 Bxd4 15. Qxd4 Qf6 16. Rg1+ Kh8 17. Qxf6+ Nxf6 18. Ng5 Re7 19. Bd3 Nc5 20. Bc2 h6 21.
Nf3 Rg7 22. Kd2 Bd7 23. b4 Na6 24. Rxg7 Kxg7 25. Rg1+ Kf7 26. a3 Bxh3 27. Bg6+ Ke7 28. Rh1 Bg4 29. Nd4 h5 30. f3 Bd7 31. Bxh5 Rh8 32. Re1+ Kf8 33. Bg6 Rh2+ 34. Kc1 Kg7 35. Bf5 Kf7 36. Be6+ Kf8 37. Bxd7 Nxd7 38. Ncb5 Ne5 39.
Ne6+ Kf7 40. Nxf4 Nxc4 41. Rg1 Ra2 42. Kb1 Rf2 43. Ne6 Nd2+ 44. Kc1 Nxf3 45. Rg7+ Kf6 46. Nbxc7 Nxc7 47. Rxc7 Ke5 48. Rxb7 Kxd5 49. Nf4+ Kc4 50.
Rc7+ Kb3 51. Kd1 Rd2+ 52. Kc1 Rd4 53. Ne2 Re4 54. Kd1 Ne5 55. Rxa7 Nc4 56. Ke1 Nxa3 57. Kf2 Nc2 58. b5 Re8 59. b6 Rb8 60. b7 Kb4 61. Ra6 Kb5 62. Rxd6 Rxb7 63. Rd5+ Kc4 64. Rf5 Nb4 65. Rf4+ Kb3 66. Rf3+ Ka4 67. Nd4 Rd7 68. Nf5 Nd3+ 69. Ke3 Nc5 70. Rf4+ Kb5 71. Nd4+ Kc4 72. Ne6+ Kb5 73. Nxc5 Kxc5 74. Rf5+ Kd6 75. Rf4 Re7+ 76. Re4 Rh7 77. Rd4+ Ke5 78. Re4+ Kf5 79. Rf4+ Kg5 80.
Re4 Rh3+ 81. Kd4 Rh1 82. Re3 Kf6 83. Rf3+ Ke6 84. Re3+ Kd6 85. Ke4 Rh4+ 86. Kd3 Rh5 87.
Re4 Kd5 88. Rd4+ Kc5 89. Rc4+ Kb5 90. Rd4 Rh3+ 91. Ke4 Rh1 92. Rd3 Kc6 93. Rc3+ Kd6 94. Rd3+ Ke6 95. Kd4 Rh4+ 96. Kc3 Rh5 97. Kd4 Re5 98.
Re3 Rxe3 99. Kxe3 1/2-1/2

[Event "Early-Titled-Tuesday-Blitz-May-14-2024"]
[Site "Chess.com"]
[Date "2024.05.14"]
[Round "1"]
[White "SoCalJuniorChess"]
[Black "Lion-Al-Messi"]
[Result "1-0"]
[WhiteElo "2209"]
[BlackElo "2570"]
[TimeControl "180+1"]
[EndTime "8:09:38 PDT"]
[Termination "SoCalJuniorChess won by resignation"]

1. d4 Nf6 2. Nc3 d5 3. Bf4 a6 4.
e3 e6 5. Nf3 c5 6. Be2 Nc6 7. O-O Be7 8. h3 O-O 9. dxc5 Bxc5 10.
Ne5 Nxe5 11. Bxe5 Nd7 12. Bh2 b5 13. Nxd5 exd5 14. Qxd5 Ra7 15. a4 Bb7 16. Qd3 Qg5 17.
Bg3 Ne5 18. Qc3 Bd6 19. Qd4 Bb8 20. axb5 Rd8 21. Qb6 Qf6 22. Qxf6 gxf6 23. bxa6 Be4 24. c3 Bc7 25. Rfd1 Rb8 26. b4 Kg7 27. b5 Bb6 28. c4 Rc7 29. Rdc1 Rbc8 30. Bg4 Rd8 31. Ra4 Kg6 32. c5 h5 33. Bxh5+ Kxh5 34. Rxe4 Rd5 35. Bxe5 fxe5 36. cxb6 Rxc1+ 37. Kh2 Rxb5 38. b7 Ra1 39. Rxe5+ Rxe5 40. b8=Q Rea5 41. Qh8+ Kg6 42. Qg8+ Kf6 43. Qh8+ Ke7 44. Qh4+ Ke6 45. Qe4+ Kd7 46. Qd4+ Ke6 47. Qc4+ Kd7 48. Qd4+ Ke6 49. Qg4+ Ke7 50. Qe4+ Kf8 51. Qa8+ Kg7 52. Qb7 Rxa6 53. Qb2+ Kf8 54. Qe2 R1a2 55. Qf3 Ke7 56. Qf4 R2a4 57. Qe5+ Kf8 58. Qh8+ Ke7 59. Qe5+ Kd7 60. Qd5+ Ke8 61. Qe5+ Kd8 62. Qh8+ Kd7 63. Qe5 R4a5 64. Qg7 Ke7 65. Qd4 f6 66. Qe4+ Kf7 67. Qb7+ Ke6 68. Qe4+ Kd6 69. Qd4+ Ke7 70. Qe4+ Kf7 71. Qb7+ Kg6 72. Qe4+ f5 73. Qe8+ Kf6 74. Qf8+ Ke6 75. Qe8+ Kd5 76. Qf7+ Kd6 77. Qf6+ Kc7 78. Qc3+ Kb7 79. Qg7+ Kb6 80. Qf6+ Ka7 81. Qe7+ Kb6 82. Qd6+ Kb5 83. Qd5+ Kb4 84. Qd4+ Kb3 85. Qd3+ Kb2 86.
Qd2+ Kb1 87. Qd1+ Kb2 88. Qd2+ Kb3 89. Qd3+ Kb4 90. Qd4+ Kb5 91. Qd5+ Kb6 92. Qd6+ Kb7 93. Qd7+ Kb8 94. Qd8+ Kb7 95. Qd7+ Ka8 96. Qc8+ Ka7 97.
Qc7+ Ka8 98. Qc8+ Ka7 99. Qc7+ Ka8 100. h4 Ra4 101. g3 Ra2 102. Qc8+ Ka7 103. Qxf5 R6a5 104. Qd7+ Kb6 105. Kg2 R2a4 106. h5 Ra8 107. h6 R4a7 108. Qd6+ Kb5 109. Qd5+ Kb6 110. h7 Rf8 111. h8=Q Rxh8 112. Qd4+ Kb7 113. Qxh8 Ra6 114. Qg7+ Kb6 115. Qf6+ Kb7 116. Qe5 Rc6 117. Qe4 Kc7 118. g4 Rf6 119. Qe5+ Rd6 120. g5 Kd7 121. Qf5+ Ke7 122. Kg3 Rd7 123. g6 Kd8 124. Qxd7+ Kxd7 125. g7 Ke6 126. g8=Q+ Kf6 127. Qg4 Ke5 128. Qf4+ Ke6 129. Qf8 Ke5 130. Qf3 Ke6 131. Kg2 Ke5 132. Kf1 Ke6 133. Ke2 Ke5 134. Qf4+ Kd5 135. Qa4 1-0

[Event "Early-Titled-Tuesday-Blitz-May-14-2024"]
[Site "Chess.com"]
[Date "2024.05.14"]
[Round "1"]
[White "snowlord"]
[Black "amanjazu"]
[Result "1-0"]
[WhiteElo "2928"]
[BlackElo "2526"]
[TimeControl "180+1"]
[EndTime "8:09:40 PDT"]
[Termination "snowlord won on time"]

1. d4 Nf6 2. c4 g6 3. h4 h6 4. Nc3 Bg7 5. e4 d6 6. Be2 c5 7. d5 Nbd7 8. f4 h5 9. Nh3 Ng4 10. Ng5 Bd4 11. Bxg4 Bxc3+ 12. bxc3 hxg4 13. a4 Nf6 14. e5 Nh7 15. Ne4 Bf5 16. Ng3 Qc7 17. Qe2 O-O-O 18. O-O Nf8 19. h5 Nd7 20. Re1 e6 21. exd6 Qxd6 22. dxe6 fxe6 23. hxg6 Bxg6 24.
Qxe6 Qxe6 25. Rxe6 Bf7 26. Re7 Bxc4 27. Ne4 Kc7 28.
f5 Kc6 29. Be3 Rhe8 30. Bg5 Rxe7 31. Bxe7 Re8 32. Nd2 Rxe7 33. Nxc4 Re4 34. Nd2 Rf4 35. Rf1 Rxf1+ 36. Kxf1 Kd5 37. Ke2 Ke5 38. Nc4+ Kxf5 39. Nd6+ Kf4 40. Nxb7 Kg3 41. Kf1 c4 42. Nd6 Ne5 43.
Kg1 Kf4 44. Kf2 g3+ 45. Ke2 Kg5 46. Ke3 Kg4 47. Ke4 Nd3 48. a5 Ne1 49. Nxc4 Nxg2 50.
Ne5+ Kh3 51. c4 Nh4 52. Nd3 g2 53. Nf4+ Kg4 54. Ne2 Kg5 55. c5 Kf6 56. Kd5 Ke7 57. Kc6 Kd8 58. Kb7 Nf5 59. c6 Nd6+ 60. Kb8 Nb5 61.
Ng1 a6 62. Kb7 Nd6+ 63. Kb8 Nb5 64. Nf3 Nc7 65. Kb7 Ne6 66. Ng5 Nxg5 67. c7+ Ke7 68. c8=Q g1=Q 69. Qc7+ Kf6 70. Qd8+ Kg6 71. Qg8+ Kh5 72.
Qh8+ Kg4 73. Qc8+ Kg3 74. Kxa6 Qb1 75. Qc3+ Nf3 76. Ka7 Qh7+ 77. Kb6 Kg4 78. Qc8+ Kg3 79. a6 Qb1+ 80. Ka7 Nd4 81. Qb7 Nb5+ 82. Ka8 Kf4 83. a7 Ke5 84. Kb8 Qg6 85. Qxb5+ 1-0

[Event "Early-Titled-Tuesday-Blitz-May-14-2024"]
[Site "Chess.com"]
[Date "2024.05.14"]
[Round "1"]
[White "Renatoforf"]
[Black "lucasran"]
[Result "0-1"]
[WhiteElo "1935"]
[BlackElo "2552"]
[TimeControl "180+1"]
[EndTime "8:09:41 PDT"]
[Termination "lucasran won by checkmate"]

1. e4 c6 2. Nf3 d5 3. exd5 cxd5 4. Ne5 Nc6 5. d4 e6 6. c3 Bd6 7. f4 Nge7 8. Bd3 O-O 9. O-O g6 10. Nd2 f6 11. Nxc6 Nxc6 12. Nf3 Bd7 13. Re1 Qe7 14. Qe2 Rae8 15. Bd2 Qg7 16. Qf2 a6 17. Qh4 Ne7 18. Re2 Nf5 19. Bxf5 exf5 20. Rae1 Re4 21. Bc1 Rfe8 22.
Qf2 Bb5 23. Re3 Rxe3 24. Rxe3 Re4 25. Rxe4 fxe4 26. Nd2 f5 27. Nf1 Bc4 28. b3 Bd3 29. Ne3 Qf7 30. Bd2 Be7 31. g4 Kh8 32. gxf5 gxf5 33.
Qg3 Bb5 34. Kf2 Bd7 35. h4 Be6 36. Ng2 Qf8 37. Be3 Qc8 38. c4 Bf6 39. c5 Bf7 40. Qh3 Bh5 41. Ne1 Bg4 42. Qg3 Qd8 43. Ng2 Bf3 44. Kg1 Bxg2 45. Kxg2 Bxh4 46. Qh3 Qg8+ 47.
Kh2 Qg4 48. Qxg4 fxg4 49. Kg2 Kg7 50. b4 Bd8 51. a4 Kf7 52. Kg3 h5 53. b5 axb5 54.
axb5 Ke6 55. b6 Kf5 56. Kg2 h4 57. Kh2 Ke6 58. Kg2 Kd7 59. Kh2 Ke6 60. Kg2 Kf5 61.
Kh2 h3 62. Kg3 Be7 63. Kh2 Bf8 64. Kg3 Ke6 65. Bf2 Kd7 66. Be3 Be7 67. Kh2 Bh4 68. Bg1 Kc6 69. Be3 Kb5 70. f5 Kc6 71. Bf4 Bf6 72.
Be5 Bxe5+ 73. dxe5 Kxc5 74. f6 e3 75. f7 e2 76.
f8=Q+ Kd4 77. Qb8 e1=Q 78. Qc7 Qxe5+ 79. Qxe5+ Kxe5 80. Kg3 d4 81. Kh2 d3 82. Kg3 d2 83.
Kxg4 d1=Q+ 84. Kxh3 Qg1 85. Kh4 Kf4 86. Kh5 Qg5# 0-1

[Event "Early-Titled-Tuesday-Blitz-May-14-2024"]
[Site "Chess.com"]
[Date "2024.05.14"]
[Round "1"]
[White "SlavenPastar"]
[Black "sterpfi"]
[Result "1-0"]
[WhiteElo "2657"]
[BlackElo "2332"]
[TimeControl "180+1"]
[EndTime "8:10:08 PDT"]
[Termination "SlavenPastar won by resignation"]

1. Nf3 d5 2. g3 c5 3. Bg2 Nc6 4. O-O e5 5. c4 dxc4 6. Na3 Be6 7. Qa4 Qd7 8. Nxc4 Nf6 9. d3 Be7 10.
Bg5 O-O 11. Rac1 Nd4 12. Qd1 Nxf3+ 13. Bxf3 Qc7 14. Qc2 Rac8 15. Ne3 b6 16. b4 Qd7 17. bxc5 Rxc5 18. Qb2 Rfc8 19. Rfd1 Rxc1 20. Rxc1 Rxc1+ 21. Qxc1 Bxa2 22. Qb2 Qe6 23. Bxf6 Bxf6 24. Bg4 Qb3 25. Qc1 Qb1 26. Qxb1 Bxb1 27. Bd7 a5 28. Kf1 Ba2 29.
Ke1 Bb3 30. Kd2 a4 31. Kc3 e4+ 32. d4 Kf8 33. Bb5 Ke7 34. Nf5+ Kd8 35. Nd6 Be7 36.
Nxe4 Kc7 37. Nd2 Bd1 38. e4 a3 39. e5 Bg5 40. Ne4 a2 41. Kb2 Bc1+ 42. Kxa2 Bf3 43. Bd3 Bxe4 44. Bxe4 Bd2 45. Kb3 Be1 46. f4 Bf2 47. Kc4 Bg1 48. h3 Bh2 49. g4 Bxf4 50. Bxh7 g5 51. Bg8 f6 52. exf6 Kd6 53. Kb5 Kc7 54. Bc4 Bd6 55. f7 Bf8 56. Be6 Be7 57. d5 Bf8 58. Kc4 Kd6 59. Kd4 Bg7+ 60. Ke4 Ke7 61. Kf5 b5 62. Ke4 b4 63. Kd3 b3 64.
Bf5 b2 65. Kc2 Kxf7 66. Be6+ Ke7 67. Kb1 Kd6 68. Bg8 Be5 69. Ka2 Bg3 70. Kxb2 Bh4 71. Kb3 Bg3 72. Kc4 Bh4 73. Kd3 Bg3 74. Ke4 Bh4 75.
Kf5 Ke7 76. Ke5 Bg3+ 77. Ke4 Kd6 78. Be6 Bh4 79. Kf5 Ke7 80. Ke5 Bg3+ 81. Kd4 Kd6 82. Ke4 Bh4 83. Kf5 Ke7 84. Kg6 Kd6 85. Kf6 Kc7 86. Ke7 Bg3 87. Bf5 Bf4 88. Be4 Bg3 89.
Bf3 Bf4 90. h4 gxh4 91. Bg2 Bg5+ 92. Ke6 Bf4 93. Kf5 Be3 94. g5 Kd6 95. g6 Bd4 96. Kg4 Bf6 97. Kh5 h3 98. Bh1 h2 99. Kh6 Ke5 100. g7 Bxg7+ 101. Kxg7 Kd6 102. Kf6 Kc5 103. Kf5 Kd6 104. Kg4 Ke5 105. Kh3 Kd6 106. Kxh2 Ke5 107. Kg3 Kd6 108. Kf4 Ke7 109. Ke4 Kd6 110. Kd4 1-0

[Event "Early-Titled-Tuesday-Blitz-May-14-2024"]
[Site "Chess.com"]
[Date "2024.05.14"]
[Round "1"]
[White "YouShallNotPass001"]
[Black "Jospem"]
[Result "1/2-1/2"]
[WhiteElo "2546"]
[BlackElo "2987"]
[TimeControl "180+1"]
[EndTime "8:10:09 PDT"]
[Termination "Game drawn by repetition"]

1. e4 c5 2. Nf3 d6 3. c3 Nf6 4.
h3 g6 5. Bd3 Bg7 6. O-O O-O 7.
Re1 b6 8. Bc2 Bb7 9. d4 e6 10.
Nbd2 cxd4 11. cxd4 Nc6 12. a3 Rc8 13. b4 a5 14. b5 Nb8 15. Bb2 Nbd7 16. Rc1 Re8 17. Bb3 Bf8 18. Qe2 Rxc1 19. Rxc1 Bh6 20. Rc6 Nb8 21.
Rc2 Nbd7 22. g4 Bf4 23. e5 dxe5 24. dxe5 Bxf3 25. Nxf3 Nd5 26. Bxd5 exd5 27. Rc6 Nb8 28. Rc2 Nd7 29. Bd4 Qb8 30. Rc6 Bxe5 31. Nxe5 Nxe5 32. Rxb6 Qc7 33. Qe3 Kf8 34. Qh6+ Kg8 35. Qe3 h6 36. f4 Nf3+ 37. Qxf3 Qc2 38. Bf2 d4 39. Rd6 Qb1+ 40. Kg2 Qxb5 41. Rxd4 Qb2 42. a4 Rc8 43. Re4 Rc2 44.
f5 g5 45. f6 Qb8 46. Qe3 Qb7 47.
Kg3 Qc7+ 48. Kg2 Qc6 49. Qf3 Qd7 50. Re7 Qc8 51. Qe4 Rxf2+ 52. Kxf2 Qc5+ 53. Qe3 Qc2+ 54. Qe2 Qc5+ 55. Re3 Qb6 56. Kg2 Qc6+ 57. Kg1 Qb6 58.
Kh2 Qd6+ 59. Kh1 Qc6+ 60. Qg2 Qc1+ 61. Kh2 Qxe3 62. Qa8+ Kh7 63. Qxa5 Qf2+ 64. Kh1 Qf1+ 65. Kh2 Qf2+ 66. Kh1 Qf3+ 67. Kh2 Qf4+ 68. Kh1 Qe4+ 69. Kh2 Qe2+ 70. Kh1 Qd1+ 71. Kh2 Qc2+ 72. Kh1 Qc6+ 73.
Kh2 Kg8 74. Qd8+ Kh7 75. Qd4 Qc2+ 76. Kg3 Qb1 77. Kf3 Qh1+ 78. Kg3 Qe1+ 79. Kh2 Qe2+ 80. Kg3 Kg6 81. Qf2 Qe5+ 82. Kg2 Qe4+ 83. Qf3 Qc2+ 84.
Kg3 Qc7+ 85. Kf2 Qc2+ 86. Ke1 Qb1+ 87. Kd2 Qb4+ 88. Kc1 Qc4+ 89. Kb2 Qb4+ 90. Kc2 Qxa4+ 91. Kd2 Qa2+ 92. Ke1 Qe6+ 93. Kf2 Qxf6 94. Kg3 Qxf3+ 95. Kxf3 Kf6 96. Ke4 Ke6 97. Kd4 Kd6 98. Ke4 Ke6 99. Kd4 f5 100. gxf5+ Kxf5 101. Ke3 Ke5 102. Kf3 h5 103. Ke3 Kd5 104. Kd3 Kd6 105. Ke4 Ke6 106. Kd4 Kf5 107. Ke3 Ke5 108. Kf3 Kd4 109. Kf2 Kd3 110. Kf3 Kd4 111. Kf2 Ke4 112. Kg3 Ke5 113. Kf3 Kd4 1/2-1/2

[Event "Early-Titled-Tuesday-Blitz-May-14-2024"]
[Site "Chess.com"]
[Date "2024.05.14"]
[Round "1"]
[White "JERO-8914"]
[Black "GothamChess"]
[Result "0-1"]
[WhiteElo "2402"]
[BlackElo "2724"]
[TimeControl "180+1"]
[EndTime "8:10:37 PDT"]
[Termination "GothamChess won by resignation"]

1. e4 d5 2. exd5 Qxd5 3. d4 e5 4. Nf3 exd4 5. Qxd4 Qxd4 6. Nxd4 a6 7. c4 Nf6 8. Nc3 Bb4 9. Bd2 O-O 10. Be2 Rd8 11. Nc2 Bd6 12. Be3 Nc6 13. O-O Ng4 14. Bxg4 Bxg4 15. h3 Bf5 16. Nd4 Nxd4 17. Bxd4 Bd3 18. Rfd1 Bxc4 19. Ne4 Bf8 20. b3 Bd5 21. Nc3 c6 22.
Rac1 Ba3 23. Rb1 Be6 24. Bb6 Rxd1+ 25. Rxd1 Be7 26. Ne4 Bd5 27. Nc5 Rb8 28. Nd7 Rc8 29. Re1 Bb4 30. Re3 h6 31. Bc5 Bd2 32. Re2 Bf4 33. Nb6 Rd8 34. Be7 Re8 35. Nxd5 cxd5 36. Kf1 f6 37. g3 Bc7 38. Bc5 Rxe2 39. Kxe2 Kf7 40. g4 g6 41. Kd3 Ke6 42. f3 h5 43. Bf2 Be5 44. a4 f5 45. gxh5 gxh5 46. Be3 Kd6 47. Bf2 Kc6 48. Be1 Kc5 49. Bd2 Bg3 50.
Ke3 Bc7 51. Kd3 b5 52. axb5 Kxb5 53. Kd4 Kc6 54. Be3 Bd6 55. Kd3 Bc5 56. Bf4 Kb5 57. Bd2 Bb6 58. Bc3 a5 59. Bd2 Bc7 60.
Bc3 Bf4 61. Be1 Be5 62. Bd2 Kc6 63. Be3 Kb5 64. Bd2 Bd6 65. Be1 Bc5 66. Bd2 a4 67.
bxa4+ Kxa4 68. Be1 Kb3 69. Bd2 Kb2 70. Bg5 Bb6 71. Bd2 Kb1 72. Bg5 Kb2 73. Bd2 Kb3 74. Bg5 Kb4 75. Bd2+ Kb5 76. Be1 Kc6 77. Bg3 Kd7 78. Bf4 Ke6 79. Bg3 Bc5 80. Bf4 Bd6 81.
Bd2 Be5 82. Be3 Kf6 83. Bh6 Kg6 84. Be3 Kf6 85. Bh6 f4 86. Bf8 Kf7 87. Bc5 Ke6 88. Bf2 Kf5 89. Bh4 Bf6 90. Bf2 Ke6 91. Be1 Kd6 92.
Bf2 Kc6 93. Be1 Kb5 94. Bf2 Kb4 95. Be1+ Kb3 96. Bf2 Kb2 97. Be1 Kc1 98. Ba5 Kd1 99. Bc7 Bg5 100. Ba5 Bh6 101. Bd2 Bg5 102. Ba5 Bf6 103. Bd2 Be5 104. Ba5 Bd6 105. Bd2 Be5 106. Ba5 Kc1 107. Bd2+ Kb1 108. Be1 Kc1 109. Bd2+ Kb2 110. Ba5 Kb3 111. Bd2 Ka4 112. Bc1 Kb5 113. Bd2 Kc5 114. Be1 Kd6 115. Bd2 Ke6 116. Be1 Bd6 117. Bh4 Bc5 118. Be1 Be3 119. Bh4 Kf5 120. Bd8 Ke5 121. Be7 Ke6 122. Bh4 Kd6 123. Be1 Kc5 124. Bh4 Kb4 125. Bf6 Kb3 126. Be5 Ka2 127.
Bc3 Kb1 128. Be1 Kc1 129. Bh4 Kd1 130. Bf6 Ke1 131. h4 Kf2 132. Bg5 Kxf3 0-1

[Event "Early-Titled-Tuesday-Blitz-May-14-2024"]
[Site "Chess.com"]
[Date "2024.05.14"]
[Round "2"]
[White "NMJeevanK"]
[Black "Triumphmate"]
[Result "0-1"]
[WhiteElo "2743"]
[BlackElo "2486"]
[TimeControl "180+1"]
[EndTime "8:12:07 PDT"]
[Termination "Triumphmate won by resignation"]

1. e4 d5 2. exd5 Nf6 3. d4 Bg4 4. c4 Bxd1 5. Kxd1 c6 6. Nf3 cxd5 7. c5 Nc6 8. Nc3 e6 9. Bb5 Be7 10. Bf4 O-O 11. h3 Rc8 12. g4 Ne4 13. Bd3 Nxf2+ 14. Ke2 Nxd3 15. Kxd3 b6 0-1

[Event "Early-Titled-Tuesday-Blitz-May-14-2024"]
[Site "Chess.com"]
[Date "2024.05.14"]
[Round "2"]
[White "Trovita84"]
[Black "whiteglovethief"]
[Result "1-0"]
[WhiteElo "2148"]
[BlackElo "2453"]
[TimeControl "180+1"]
[EndTime "8:12:08 PDT"]
[Termination "Trovita84 won by resignation"]

1. e4 e6 2. d4 d5 3. exd5 exd5 4. Nf3 Bd6 5. Bd3 Ne7 6. c3 O-O 7. O-O Bf5 8. Bg5 f6 9. Bh4 Qd7 10. Re1 Ng6 11. Bg3 c6 12. Bxf5 1-0

[Event "Early-Titled-Tuesday-Blitz-May-14-2024"]
[Site "Chess.com"]
[Date "2024.05.14"]
[Round "2"]
[White "Orujov2008"]
[Black "savitha1030"]
[Result "0-1"]
[WhiteElo "2751"]
[BlackElo "2506"]
[TimeControl "180+1"]
[EndTime "8:12:17 PDT"]
[Termination "savitha1030 won by checkmate"]

1. e4 c5 2. Nf3 e6 3. d4 cxd4 4.
Nxd4 a6 5. Bd3 Qc7 6. O-O Nc6 7.
Nxc6 bxc6 8. c4 Bb7 9. b3 Qe5 10. Qc2 Bd6 11. Nc3 Qxh2# 0-1

[Event "Early-Titled-Tuesday-Blitz-May-14-2024"]
[Site "Chess.com"]
[Date "2024.05.14"]
[Round "2"]
[White "toninhojit"]
[Black "Nemegejas"]
[Result "1-0"]
[WhiteElo "2574"]
[BlackElo "2787"]
[TimeControl "180+1"]
[EndTime "8:12:27 PDT"]
[Termination "toninhojit won by resignation"]

1. d4 Nf6 2. c4 e6 3. Nf3 d5 4. Nc3 c6 5. e3 Nbd7 6. Be2 Bd6 7. g4 Nxg4 8. Rg1 Nxh2 9. Nxh2 Bxh2 10. Rxg7 Qf6 11. Rg2 Bc7 12. Qc2 Nb6 13. c5 Nd7 14.
Bd2 e5 15. O-O-O exd4 16. exd4 Nf8 17. Bg5 Bd7 18. Bxf6 1-0

[Event "Early-Titled-Tuesday-Blitz-May-14-2024"]
[Site "Chess.com"]
[Date "2024.05.14"]
[Round "2"]
[White "SoCalJuniorChess"]
[Black "DrKerfuffle"]
[Result "1-0"]
[WhiteElo "2224"]
[BlackElo "2674"]
[TimeControl "180+1"]
[EndTime "8:12:27 PDT"]
[Termination "SoCalJuniorChess won by resignation"]

1. d4 Nf6 2. Nc3 d5 3. Bf4 a6 4. e3 c5 5. Nf3 Nc6 6. Be2 cxd4 7. Nxd4 g6 8. Nxc6 bxc6 9. O-O Bg7 10. e4 O-O 11.
exd5 Nxd5 12. Nxd5 1-0

[Event "Early-Titled-Tuesday-Blitz-May-14-2024"]
[Site "Chess.com"]
[Date "2024.05.14"]
[Round "2"]
[White "xxysoul6"]
[Black "SharapovEvgeny"]
[Result "1-0"]
[WhiteElo "2982"]
[BlackElo "2649"]
[TimeControl "180+1"]
[EndTime "8:13:25 PDT"]
[Termination "xxysoul6 won by resignation"]

1. Nf3 c5 2. b3 Nc6 3. Bb2 Nf6 4. e3 g6 5. Bxf6 exf6 6. c4 Bg7 7. Nc3 O-O 8. g3 f5 9. Rc1 d6 10. Bg2 Be6 11.
O-O Rb8 12. Re1 a6 13. d4 cxd4 14. Nxd4 Nxd4 15. exd4 b5 16. Nd5 Bxd5 17. Bxd5 Qf6 18.
c5 dxc5 19. dxc5 Rbd8 20. c6 Qd6 21. c7 Qxd5 22. Qxd5 Rxd5 23. c8=Q 1-0

[Event "Early-Titled-Tuesday-Blitz-May-14-2024"]
[Site "Chess.com"]
[Date "2024.05.14"]
[Round "2"]
[White "SidArun"]
[Black "DvaHrasta"]
[Result "0-1"]
[WhiteElo "2334"]
[BlackElo "2552"]
[TimeControl "180+1"]
[EndTime "8:13:25 PDT"]
[Termination "DvaHrasta won by resignation"]

1. d4 Nf6 2. Nc3 e6 3. Bf4 d5 4. Nb5 Bd6 5. Nxd6+ cxd6 6. e3 Nc6 7. Nf3 O-O 8. h3 Re8 9. Bh2 e5 10. Be2 Qb6 11. Rb1 Bf5 12. Nh4 Be6 13. c3 h6 14.
O-O g5 15. Nf3 Bf5 16. Bd3 Bxd3 17. Qxd3 e4 18. Qc2 exf3 19. Bxd6 fxg2 20. Kxg2 Nxd4 21. exd4 Qxd6 22. Qf5 Qe6 0-1

[Event "Early-Titled-Tuesday-Blitz-May-14-2024"]
[Site "Chess.com"]
[Date "2024.05.14"]
[Round "2"]
[White "ZachHKL"]
[Black "Timerkhanov"]
[Result "0-1"]
[WhiteElo "2311"]
[BlackElo "2708"]
[TimeControl "180+1"]
[EndTime "8:13:44 PDT"]
[Termination "Timerkhanov won by resignation"]

1. c4 c6 2. g3 d5 3. Bg2 Nf6 4. Nf3 g6 5. O-O Bg7 6. b3 O-O 7. Bb2 a5 8. a3 a4 9. cxd5 Qxd5 10. bxa4 Qh5 11. Re1 Bh3 12. Bh1 Nbd7 13. d4 Nb6 14. Nc3 Nfd5 15. e4 Nxc3 16. Bxc3 Nxa4 17. Bd2 c5 18. Be3 Bg4 19. Rb1 Nc3 20. Qc2 Nxb1 21. Ne5 cxd4 22. Nxg4 0-1

[Event "Early-Titled-Tuesday-Blitz-May-14-2024"]
[Site "Chess.com"]
[Date "2024.05.14"]
[Round "2"]
[White "chess_blitz00"]
[Black "cmunda"]
[Result "1-0"]
[WhiteElo "2476"]
[BlackElo "2143"]
[TimeControl "180+1"]
[EndTime "8:13:50 PDT"]
[Termination "chess_blitz00 won by checkmate"]

1. Nc3 g6 2. d4 Bg7 3. e4 d6 4. Nf3 Nf6 5. Be3 O-O 6. Qd2 Ng4 7. O-O-O Nxe3 8. fxe3 c6 9. Bd3 b5 10. h4 h5 11. Ne2 Nd7 12. g4 Nf6 13. gxh5 Nxh5 14. Nf4 Bg4 15. Qg2 Qd7 16. Rdg1 Nxf4 17. exf4 Bxf3 18. Qxf3 Bxd4 19. Rg2 c5 20. h5 c4 21. hxg6 fxg6 22. Rxg6+ Bg7 23. Qh5 Rf7 24. Qh7+ Kf8 25. Qh8+ Bxh8 26. Rxh8# 1-0

[Event "Early-Titled-Tuesday-Blitz-May-14-2024"]
[Site "Chess.com"]
[Date "2024.05.14"]
[Round "2"]
[White "Phuzer"]
[Black "Rud_Makarian"]
[Result "0-1"]
[WhiteElo "2630"]
[BlackElo "2949"]
[TimeControl "180+1"]
[EndTime "8:14:06 PDT"]
[Termination "Rud_Makarian won by resignation"]

1. d4 Nf6 2. c4 e6 3. Nc3 d5 4. cxd5 exd5 5. Bg5 c6 6. e3 h6 7. Bh4 Be7 8. Bd3 O-O 9. Qc2 Re8 10. Nf3 Nbd7 11. O-O Ne4 12. Bxe7 Qxe7 13. b4 Qxb4 14. Nxe4 dxe4 15. Bxe4 Nf6 16. Bd3 Qd6 17. Rab1 b6 18. Rfc1 Bb7 19. Qa4 c5 20. Be2 Be4 21. dxc5 bxc5 22.
Rb2 Ng4 23. h3 Bxf3 24. Bxf3 Qh2+ 25. Kf1 Qh1+ 26. Ke2 Qxc1 27. Rc2 Rxe3+ 0-1

[Event "Early-Titled-Tuesday-Blitz-May-14-2024"]
[Site "Chess.com"]
[Date "2024.05.14"]
[Round "2"]
[White "fen_fire"]
[Black "Anu-triz"]
[Result "1-0"]
[WhiteElo "2519"]
[BlackElo "2264"]
[TimeControl "180+1"]
[EndTime "8:14:17 PDT"]
[Termination "fen_fire won by resignation"]

1. e4 e5 2. Nf3 Nc6 3. Nc3 Nf6 4. Nd5 Bc5 5. c3 d6 6. d4 exd4 7. cxd4 Bb4+ 8. Nxb4 Nxb4 9. Qa4+ Nc6 10. d5 Bd7 11. dxc6 Bxc6 12. Bb5 O-O 13. Bxc6 bxc6 14. O-O c5 15. Bg5 h6 16. Bh4 g5 17. Bg3 Re8 18.
e5 Nh5 19. Rfd1 1-0

[Event "Early-Titled-Tuesday-Blitz-May-14-2024"]
[Site "Chess.com"]
[Date "2024.05.14"]
[Round "2"]
[White "Savagelittlemole"]
[Black "LamaChampetre"]
[Result "0-1"]
[WhiteElo "2471"]
[BlackElo "2208"]
[TimeControl "180+1"]
[EndTime "8:14:18 PDT"]
[Termination "LamaChampetre won by resignation"]

1. d4 Nf6 2. Bg5 d5 3. Bxf6 gxf6 4. e3 c5 5. Ne2 Nc6 6. c4 cxd4 7. Nxd4 e5 8. cxd5 Bb4+ 9. Nc3 exd4 10. exd4 Qxd5 11. Qa4 Qxd4 12. Bb5 Bxc3+ 13. bxc3 Qxa4 14. Bxa4 Be6 15. O-O O-O 16. Rfb1 Na5 17. Rxb7 Nxb7 0-1

[Event "Early-Titled-Tuesday-Blitz-May-14-2024"]
[Site "Chess.com"]
[Date "2024.05.14"]
[Round "2"]
[White "ValeriyGrinev"]
[Black "simaopdias"]
[Result "1-0"]
[WhiteElo "2602"]
[BlackElo "2280"]
[TimeControl "180+1"]
[EndTime "8:14:22 PDT"]
[Termination "ValeriyGrinev won by resignation"]

1. d4 Nf6 2. c4 e6 3. Nf3 b6 4. g3 Bb7 5. Bg2 d5 6. cxd5 Bxd5 7. Nc3 Bb7 8. O-O Be7 9. Re1 O-O 10. e4 c5 11. e5 Nfd7 12. d5 exd5 13. Nxd5 Nc6 14. Bf4 Re8 15. Nxe7+ Nxe7 16. Qc2 Nf8 17. Rad1 Qc8 18.
Ng5 Bxg2 19. Kxg2 Qc6+ 20. Kg1 Neg6 21. Qf5 f6 22. exf6 Qxf6 23. Qd5+ 1-0

[Event "Early-Titled-Tuesday-Blitz-May-14-2024"]
[Site "Chess.com"]
[Date "2024.05.14"]
[Round "2"]
[White "DrVelja"]
[Black "Nf3c5"]
[Result "1-0"]
[WhiteElo "2960"]
[BlackElo "2640"]
[TimeControl "180+1"]
[EndTime "8:14:26 PDT"]
[Termination "DrVelja won by resignation"]

1. e4 c5 2. Nf3 Nc6 3. Bb5 Na5 4. O-O a6 5. Be2 e6 6. c4 Nc6 7. d4 cxd4 8. Nxd4 Qc7 9. Nc3 Nf6 10. Be3 Bb4 11. f3 h5 12. Rc1 Ne5 13. a3 Be7 14. c5 b6 15. b4 Qxc5 16. bxc5 1-0

[Event "Early-Titled-Tuesday-Blitz-May-14-2024"]
[Site "Chess.com"]
[Date "2024.05.14"]
[Round "2"]
[White "Mackster23"]
[Black "AniJak"]
[Result "1-0"]
[WhiteElo "2666"]
[BlackElo "2385"]
[TimeControl "180+1"]
[EndTime "8:14:41 PDT"]
[Termination "Mackster23 won by resignation"]

1. e4 c5 2. Nf3 e6 3. d4 cxd4 4. Nxd4 a6 5. Bd3 Bc5 6. Nb3 Be7 7. O-O d6 8. c4 Nd7 9. Nc3 Ngf6 10. Be3 Qc7 11. Rc1 b6 12. f4 Bb7 13. Nd2 h5 14. h3 h4 15. b4 Nh5 16. Rf2 e5 17. f5 Ndf6 18. Nd5 Nxd5 19. cxd5 Qd8 20. Nc4 b5 21. Na5 Rb8 22. Rfc2 O-O 23. Qxh5 Ba8 24. Ba7 1-0

[Event "Early-Titled-Tuesday-Blitz-May-14-2024"]
[Site "Chess.com"]
[Date "2024.05.14"]
[Round "2"]
[White "maciek_92"]
[Black "Nouali_Mohamed"]
[Result "1-0"]
[WhiteElo "2804"]
[BlackElo "2558"]
[TimeControl "180+1"]
[EndTime "8:14:55 PDT"]
[Termination "maciek_92 won by resignation"]

1. Nf3 Nf6 2. b3 g6 3. Bb2 Bg7 4. d4 O-O 5. Nbd2 d6 6. e4 a5 7. a3 Nbd7 8. Bc4 c6 9. O-O a4 10. b4 Nxe4 11. Bxf7+ Rxf7 12. Nxe4 h6 13. h3 Nb6 14.
Ned2 Be6 15. Re1 Bd5 16. Qe2 c5 17. bxc5 dxc5 18. Ne5 Bxe5 19. Qxe5 Rf5 20. Qxe7 Rg5 21. dxc5 Rxg2+ 22. Kf1 Qc8 1-0